 Dungeon Crawl Stone Soup version 0.24-a0-91-g4e4936a (webtiles) character file.

Game seed: 11423286858339612901

18 emperorscorpion the Magician (level 2, 0/19 HPs)
             Began as a Demonspawn Wizard on Feb 8, 2019.
             Slain by a jackal (1 damage)
             ... on level 1 of the Dungeon.
             The game lasted 00:01:56 (1107 turns).

emperorscorpion the Magician (Demonspawn Wizard)    Turns: 1107, Time: 00:01:57

Health: 0/19       AC:  2    Str:  7    XL:     2   Next: 51%
Magic:  1/6        EV: 12    Int: 19    God:
Gold:   76         SH:  0    Dex: 11    Spells: 7/8 levels left

rFire    . . .     SeeInvis .   a - +0 dagger
rCold    . . .     Gourm    .   (no shield)
rNeg     + . .     Faith    .   e - +0 robe
rPois    .         Spirit   .   b - +0 hat
rElec    .         Reflect  .   (no cloak)
rCorr    .         Harm     .   (no gloves)
MR       .....                  (no boots)
Stlth    ++........             (no amulet)
HPRegen  0.06/turn              h - ring of positive energy
MPRegen  0.10/turn              (no ring)

@: no status effects
A: claws 1
a: no special abilities


You were on level 1 of the Dungeon.
You were not hungry.

You visited 1 branch of the dungeon, and saw 2 of its levels.

You collected 76 gold pieces.

Inventory:

Hand Weapons
 a - a +0 dagger (weapon)
Missiles
 f - 4 tomahawks (quivered)
Armour
 b - a +0 hat (worn)
 e - a +0 robe (worn)
Jewellery
 h - a ring of positive energy (left claw)
Scrolls
 c - a scroll of amnesia {unknown}
 g - a scroll of noise {unknown}
Comestibles
 d - 2 rations
 i - 2 chunks of flesh


   Skills:
 + Level 1.9 Dodging
 + Level 1.9 Stealth
 + Level 3.6 Spellcasting
 + Level 1.0 Conjurations
   Level 1.0 Summonings
   Level 0.8 Translocations


You had 7 spell levels left.
You knew the following spells:

 Your Spells              Type           Power        Failure   Level  Hunger
a - Magic Dart            Conj           #...         10%         1    None

Your spell library contained the following spells:

 Spells                   Type           Power        Failure   Level  Hunger
 Call Imp                 Summ           #.......     14%         2    ##.....
 Blink                    Tloc           N/A          16%         2    ##.....
 Slow                     Hex            #.......     22%         2    ##.....
 Conjure Flame            Conj/Fire      #.......     34%         3    ###....
 Mephitic Cloud           Conj/Pois/Air  #.......     36%         3    ###....


Dungeon Overview and Level Annotations

Branches:
Dungeon (2/15)

Altars:


Innate Abilities, Weirdness & Mutations

You have sharp fingernails.


Message History

The dart slug is almost dead.
The jackal closely misses you. The goblin hits you.
The jackal bites you but does no damage.
The frilled lizard bites you but does no damage.
You hit the dart slug but do no damage.
The dart slug is almost dead.
The jackal bites you but does no damage.
The dart slug bites you but does no damage.
The goblin misses you. The frilled lizard barely misses you.
You hit the dart slug.
You kill the dart slug!
The jackal bites you.
* * * LOW HITPOINT WARNING * * *
The goblin hits you.
* * * LOW HITPOINT WARNING * * *
The frilled lizard bites you but does no damage.
The jackal bites you but does no damage.
You aren't carrying any potions.
The jackal bites you.
You die...

########### #.........#
#.#######.## ### #.# ##...##
##.### ###.###
#..#..##############..... #.....#
#.###≈..@>g...........#.#
#.###.###..#.≈..lh##.....^...##.#
#.# #....#.÷.≈....##########.##.#
#.###.##.####≈....# #.##.#
#.....##.# #≈...## #.##.#
########.# #≈..###### ###.##.#
#.# #≈.......# #......# #.#
########.# ###......# #.#
##.###........#


You could see a jackal, a goblin and a frilled lizard.

Vanquished Creatures
  2 dart slugs (D:1)
  A giant cockroach (D:1)
  4 hobgoblins (D:1)
  3 goblins (D:1)
  A kobold (D:1)
  4 rats (D:1)
15 creatures vanquished.

Notes
Turn   | Place    | Note
-------+----------+-------------------------------------------
     0 | D:1      | emperorscorpion the Demonspawn Wizard began the quest for
                  | the Orb.
     0 | D:1      | Reached XP level 1. HP: 13/13 MP: 4/4
   456 | D:1      | Gained mutation: You have sharp fingernails. [demonic
                  | ancestry]
   456 | D:1      | Reached XP level 2. HP: 19/19 MP: 0/6
  1107 | D:1      | Slain by a jackal

Levels and vault maps discovered:
D:1:      minmay_arrival_four_circles, layout_loops_ring,
          chequers_serial_rivers_micro_e
D:2:      minmay_door_path, layout_rooms, makhleb_heckhound_becter, first_ration

Action                   || total
-------------------------++-------
Melee: Unarmed           ||     8
       Dagger            ||     5
 Cast: Magic Dart        ||    38
Armor: Robe              ||    12
Dodge: Dodged            ||    10

Table legend:
 A = Non-vault XP
 B = Vault XP
 C = Vault XP percentage of total XP
 D = Non-vault monster count
 E = Vault monster count
 F = Vault count percentage of total count
                 A         B        C        D         E       F
            +---------+---------+-------+---------+---------+-------
      Total |      27 |       0 |   0.0 |      15 |       0 |   0.0
            +---------+---------+-------+---------+---------+-------
        D:1 |      27 |       0 |   0.0 |      15 |       0 |   0.0
            +---------+---------+-------+---------+---------+-------
